 Dungeon Crawl Stone Soup version 0.20-a0-833-gc632bec (webtiles) character file.

175024 4thArraOfDagon the Fencer (level 16, -2/175 HPs)
             Began as a Demigod Earth Elementalist on Mar 7, 2017.
             Shot with a bolt by a naga sharpshooter (20 damage)
             ... on level 4 of the Snake Pit.
             The game lasted 02:26:41 (21240 turns).

4thArraOfDagon the Fencer (DgEE)                   Turns: 21240, Time: 02:26:42

Health: -2/175     AC: 37    Str: 18    XL:     16   Next: 91%
Magic:  36/36      EV: 19    Int: 38    God:
Gold:   218        SH:  7    Dex: 16    Spells: 12/38 levels left

rFire    + + .     SeeInvis .   N - +9 falchion of Tukk {slice, *Drain rN+ Int+4}
rCold    + . .     Gourm    .   (armour currently unavailable)
rNeg     + + .     Faith    .   D - +2 buckler {rC+}
rPois    ∞         Spirit   .   L - +2 hat
rElec    +         Reflect  .   M - +2 cloak of Apuwki {rF+}
rCorr    +         Harm     .   (gloves currently unavailable)
MR       +....                  (boots currently unavailable)
Stlth    +.........             w - amulet of magic regeneration
Regen    0.4/turn               g - ring "Gegyo" {rCorr *Drain rF+ Str+7 Stlth-}
MPRegen  0.4/turn               p - ring of wizardry

@: brilliant, statue-form, studying Spellcasting, very slow
A: antennae 1, high mp 1, wild magic 1
a: End Transformation


You were on level 4 of the Snake Pit.
You were not hungry.
You were a stone statue.
You visited 5 branches of the dungeon, and saw 30 of its levels.
You visited the Abyss 2 times.
You also visited: Sewer and Ice Cave.

You collected 2823 gold pieces.
You spent 2605 gold pieces at shops.

Inventory:

Hand Weapons
 d - a +6 double sword of holy wrath
 e - the +3 great sword of Royalism {holy, Str+9 Dex-2}
   (You took it off a deep elf demonologist on level 3 of the Elven Halls)

   It has been blessed by the Shining One to cause great damage to the undead
   and demons.
   It affects your strength (+9).
   It affects your dexterity (-2).
 N - the +9 falchion of Tukk (weapon) {slice, *Drain rN+ Int+4}
   (You bought it in a shop on level 2 of the Orcish Mines)

   It inflicts extra damage upon your enemies.
   It affects your intelligence (+4).
   It protects you from negative energy.
   It causes draining when unequipped.
Missiles
 b - 277 stones (quivered)
Armour
 B - a +2 pair of gloves of dexterity (melded)
 D - a +2 buckler of cold resistance (worn)
 I - the +0 robe "Ciedwezo" {*Drain Int+4 Dex+7 Stlth+}
   (You found it on level 3 of the Elven Halls)

   It affects your intelligence (+4).
   It affects your dexterity (+7).
   It causes draining when unequipped.
   It makes you more stealthy.
 L - a +2 hat (worn)
 M - the +2 cloak of Apuwki (worn) {rF+}
   (You found it on level 6 of the Lair of Beasts)

   It protects you from fire.
 S - a +0 troll leather armour (melded)
 U - a +1 pair of boots (melded)
Magical Staves
 c - an uncursed staff of earth {unknown}
 k - an uncursed staff of conjuration {unknown}
 s - an uncursed staff of wizardry {unknown}
 G - an uncursed staff of poison {unknown}
Jewellery
 g - the ring "Gegyo" (right hand) {rCorr *Drain rF+ Str+7 Stlth-}
   (You bought it in a shop on level 8 of the Dungeon)

   [ring of resist corrosion]

   It affects your strength (+7).
   It protects you from fire.
   It causes draining when unequipped.
   It makes you less stealthy.
 p - a ring of wizardry (left hand)
 w - an amulet of magic regeneration (around neck)
 F - an uncursed ring of protection from magic
 K - an uncursed ring of protection from fire
 P - an uncursed ring of protection from cold
 T - an uncursed ring of positive energy
Wands
 A - a wand of clouds (1/9)
 Y - a wand of disintegration (15/24)
Scrolls
 f - 10 scrolls of remove curse
 i - 2 scrolls of fog
 m - 2 scrolls of enchant armour
 t - 3 scrolls of blinking
 v - 6 scrolls of immolation
 y - 4 scrolls of fear
 O - a scroll of magic mapping
 R - a scroll of summoning
 V - a scroll of recharging
Potions
 j - 5 potions of curing
 l - 4 potions of haste
 n - a potion of flight
 q - a potion of cancellation
 u - a potion of agility
 x - 4 potions of brilliance
 z - 3 potions of magic
 C - 4 potions of might
 E - 3 potions of resistance
Books
 Q - a book of the Earth

   Spells                             Type                      Level
   a - Leda's Liquefaction            Hexes/Earth                  4
   b - Bolt of Magma                  Conjuration/Fire/Earth       5
   c - Statue Form                    Transmutation/Earth          6
   d - Iron Shot                      Conjuration/Earth            6
   e - Shatter                        Earth                        9
 X - a manual of Spellcasting
Miscellaneous
 a - a phial of floods
 h - a fan of gales
 W - a lamp of fire
 Z - a phantom mirror
Comestibles
 r - 6 meat rations
 H - 6 bread rations


   Skills:
 - Level 10.4 Fighting
 - Level 16.0 Long Blades
 - Level 10.7 Armour
 - Level 10.0 Dodging
 - Level 1.7 Stealth
 - Level 5.2 Shields
 + Level 11.6 Spellcasting
 - Level 10.1 Transmutations
 - Level 10.0 Earth Magic


You had 12 spell levels left.
You knew the following spells:

 Your Spells              Type           Power        Failure   Level  Hunger
a - Sandblast             Erth           ######       1%          1    None
b - Stone Arrow           Conj/Erth      ######       1%          3    None
c - Lee's Rapid Deconstr  Erth           ########..   1%          5    None
d - Passwall              Tmut/Erth      ########..   1%          2    None
e - Blink                 Tloc           N/A          1%          2    None
f - Passage of Golubria   Tloc           N/A          3%          4    None
g - Statue Form           Tmut/Erth      ########.    1%          6    ###....
h - Spectral Weapon       Hex/Chrm       ######..     1%          3    None


Dungeon Overview and Level Annotations

Branches:
Dungeon (15/15)            Temple (0/1) D:5            Lair (6/6) D:10
  Snake (4/4) Lair:2        Slime (0/5) Lair:6          Orc (2/2) D:9
    Elf (3/3) Orc:2        Vaults (0/5) D:14
  Swamp: Lair:2-4    Shoals: Lair:2-4    Depths: D:15

Shops:
D:5 !   D:8 =   D:13 :   D:15 [   Orc:2 :(!?   Elf:3 ([

Annotations:
D:10 Urug
D:11 Fannar, Snorg
D:14 Rupert
Snake:3 Saint Roka
Elf:1 pedritolo's ghost, journeyman DsCK
Elf:2 Louise


Innate Abilities, Weirdness & Mutations

You have an increased reservoir of magic. (+10% MP)
You have a pair of small antennae on your head.
Your spells are a little harder to cast, but a little more powerful.


Message History

The naga mage hits you but does no damage.
The naga sharpshooter shoots a bolt.
The bolt misses you.
The bolt closely misses the naga.
The naga misses you. The naga barely misses you.
The naga mage barely misses you.
You hear a shout!
Your magical contamination has completely faded away.
Unknown command.
You feel a little less mighty now. You block the naga mage's attack.
The naga mage misses you.
The naga sharpshooter shoots a bolt.
The bolt hits you but does no damage.
A naga sharpshooter comes into view. It is wielding a halberd.
Things that are here:
a bolt; a flail; a robe Unknown command.
Unknown command.
You hit the naga sharpshooter but do no damage.
The naga sharpshooter casts a spell.
The naga sharpshooter magically shoots a bolt.
The bolt hits you!!
You die...

######
######.......####
####...($........N..
###.$............N.(NN
#.........$##########N
##....NN..##(# {
#...[)8..# ##N..N...
#...)N#### {N......
#...N## N.NN...
#...#.#{ ...N... #..#
... ...NNN. #... ..N..


NNS...N #(. ....NNN ....... #.. ....... #. ....... You could see 2 naga
sharpshooters, a naga mage and a naga.

Vanquished Creatures
  2 deep elf master archers (Elf:3)
  2 deep elf blademasters (Elf:3)
  Roxanne (Elf:1)
  5 nagarajas (Snake:4)
  A fire giant (D:11)
  5 deep elf sorcerers (Elf:3)
  Aizul (Snake:1)
  A deep elf elementalist (Elf:3)
  3 deep elf annihilators (Elf:3)
  Azrael (Snake:1)
  6 deep elf demonologists (Elf:3)
  An ettin (Orc:1)
  3 deep elf death magi (Elf:3)
  Erolcha (Orc:2)
  2 deep elf high priests (Elf:3)
  5 hydras
  5 naga warriors
  A death knight (D:11)
  5 catoblepae
  3 centaur warriors
  3 two-headed ogres
  6 anacondas
  11 dancing weapons
  10 death yaks
  2 tengu warriors
  9 naga sharpshooters
  2 orc high priests
  4 deep elf knights
  4 shock serpents
  A sun demon (Abyss:3)
  A death drake (shapeshifter) (Elf:1)
  2 wizards
  An unseen horror (D:12)
  An orange crystal statue (Elf:2)
  2 naga ritualists
  A glowing orange brain (D:15)
  5 deep elf archers
  A harpy (shapeshifter) (Elf:2)
  2 orc knights
  A necromancer (Elf:3)
  A wolf spider zombie (D:14)
  12 mana vipers
  A cyclops (D:11)
  3 salamanders
  4 manticores
  8 orc sorcerers (Orc:2)
  3 ugly things
  23 deep elf magi
  A centaur zombie (D:12)
  A worldbinder (Abyss:3)
  16 black mambas
  A guardian serpent (shapeshifter) (D:15)
  An ice statue (IceCv)
  A rust devil (Abyss:3)
  A spiny frog (shapeshifter) (D:15)
  10 naga magi
  2 smoke demons (Abyss:3)
  A centaur skeleton (D:12)
  10 spiny frogs
  7 komodo dragons
  4 rime drakes
  A demonic crawler (Abyss:3)
  A hydra zombie (Abyss:3)
  17 polar bears
  A tengu conjurer (D:15)
  6 trolls
  An ancient zyme (Abyss:3)
  A meliai (shapeshifter) (D:15)
  A hornet (shapeshifter) (Elf:2)
  3 raiju (Abyss:3)
  2 slime creatures
  5 blink frogs (Lair:6)
  A shadow dragon simulacrum (Abyss:3)
  2 dream sheep (D:9)
  A centaur simulacrum (D:15)
  6 hippogriffs
  4 water elementals
  A tarantella (shapeshifter) (D:15)
  6 air elementals
  2 wyverns
  3 fire elementals
  A wraith (D:14)
  3 ynoxinuls (Abyss:3)
  44 yaks
  Grum (D:11)
  2 basilisks
  A neqoxec (Abyss:3)
  A steam dragon (Lair:4)
  7 large abominations
  6 vampire mosquitoes (D:15)
  6 hungry ghosts
  10 nagas
  4 swamp worms (Lair:4)
  9 wargs
  3 hell hounds (Snake:1)
  2 acid dragons
  10 water moccasins
  Purgy (Sewer)
  9 ice beasts
  8 porcupines
  32 orc warriors
  4 sky beasts
  An ogre (shapeshifter) (D:15)
  3 phantoms
  A boggart (shapeshifter) (D:15)
  2 necrophages
  9 ogres
  5 centaurs
  41 wolves
  7 big kobolds
  18 crocodiles
  5 elf zombies (Elf:3)
  13 bullfrogs
  6 earth elementals
  2 wyvern skeletons
  2 troll zombies (D:9)
  3 scorpions
  8 killer bees
  11 wights
  2 electric eels
  A wyvern simulacrum (D:11)
  9 crimson imps
  18 orc priests
  A bullfrog zombie (D:8)
  10 hounds
  5 jellies
  4 bullfrog skeletons
  2 gnoll shamans
  47 orc wizards
  8 iguanas
  11 worker ants
  6 ogre zombies (D:9)
  4 worker ant zombies
  16 adders
  4 gnolls (Orc:1)
  5 shadow imps
  3 white imps
  A worker ant simulacrum (D:11)
  An ooze (D:3)
  4 worms
  16 leopard geckos
  113 orcs
  2 ball pythons (Sewer)
  10 giant cockroaches
  4 goblins
  8 hobgoblins
  6 jackals
  31 kobolds
  3 quokkas
  15 frilled lizards
  A goblin skeleton (D:9)
  A goblin zombie (D:9)
  2 hobgoblin skeletons (D:9)
  3 hobgoblin zombies (D:9)
  A leopard gecko zombie (D:5)
  An orc skeleton (D:9)
  17 orc zombies (D:9)
  2 quokka skeletons
  A rat (D:2)
  A crawling corpse (Elf:3)
1000 creatures vanquished.

Vanquished Creatures (others)
  A deep elf knight (Elf:3)
  A centaur zombie (D:13)
  An orc (D:11)
  2 fungi (Lair:6)
  7 plants (Lair:6)
12 creatures vanquished.

Grand Total: 1012 creatures vanquished

Notes
Turn   | Place    | Note
-------+----------+-------------------------------------------
     0 | D:1      | 4thArraOfDagon the Demigod Earth Elementalist began the quest for the Orb.
     0 | D:1      | Reached XP level 1. HP: 14/14 MP: 5/5
   240 | D:2      | Reached XP level 2. HP: 16/20 MP: 5/7
   420 | D:3      | Found an opulent altar of Gozag.
   445 | D:3      | Found an iron altar of Okawaru.
   446 | D:3      | Found a bloodstained altar of Trog.
   448 | D:3      | Found a glowing golden altar of the Shining One.
   453 | D:3      | Found a shadowy altar of Dithmenos.
   487 | D:3      | Reached XP level 3. HP: 16/26 MP: 8/8
   639 | D:4      | Reached XP level 4. HP: 15/33 MP: 6/9
   704 | D:4      | Noticed an ogre
   913 | D:4      | Learned a level 3 spell: Stone Arrow
   942 | D:4      | Reached skill level 5 in Earth Magic
   976 | D:5      | Entered Level 5 of the Dungeon
  1022 | D:5      | Reached XP level 5. HP: 32/38 MP: 7/10
  1036 | D:5      | Found a staircase to the Ecumenical Temple.
  1040 | D:5      | Reached skill level 1 in Armour
  1053 | D:5      | Reached skill level 1 in Fighting
  1121 | D:5      | Found Qoneo's Distillery.
  1148 | D:5      | Bought a potion of brilliance for 40 gold pieces
  1148 | D:5      | Bought a potion of curing for 30 gold pieces
  1148 | D:5      | Bought a potion of lignification for 30 gold pieces
  1148 | D:5      | Bought a potion of degeneration for 10 gold pieces
  1215 | D:5      | Found a glowing drain.
  1244 | D:5      | Reached XP level 6. HP: 47/48 MP: 12/12
  1258 | D:5      | Learned a level 5 spell: Lee's Rapid Deconstruction
  1263 | Sewer    | Entered a sewer
  1339 | Sewer    | Noticed Purgy
  1348 | Sewer    | Killed Purgy
  1578 | D:5      | Reached XP level 7. HP: 30/53 MP: 10/14
  1955 | D:7      | Noticed a hungry ghost
  1963 | D:7      | Killed a hungry ghost
  1963 | D:7      | Reached XP level 8. HP: 48/60 MP: 12/17
  2179 | D:7      | Reached skill level 5 in Spellcasting
  2363 | D:8      | Noticed a two-headed ogre
  2434 | D:8      | Killed a two-headed ogre
  2434 | D:8      | Reached skill level 5 in Fighting
  2434 | D:8      | Reached XP level 9. HP: 75/75 MP: 4/20
  2569 | D:8      | Found Enu Cuqa's Jewellery Emporium.
  2979 | D:9      | Noticed a two-headed hydra
  3012 | D:9      | Killed a one-headed hydra
  3012 | D:9      | Reached XP level 10. HP: 56/91 MP: 16/21
  3104 | D:10     | Entered Level 10 of the Dungeon
  3104 | D:10     | Found a basalt altar of Yredelemnul.
  3104 | D:10     | Noticed a two-headed ogre
  3122 | D:9      | Killed a two-headed ogre
  3122 | D:9      | Reached skill level 10 in Fighting
  3539 | D:10     | Noticed Urug
  3555 | D:9      | Reached skill level 1 in Shields
  4112 | D:9      | Found a staircase to the Orcish Mines.
  4241 | D:9      | Reached skill level 5 in Shields
  4507 | D:11     | Reached skill level 1 in Long Blades
  4542 | D:11     | Noticed a seven-headed hydra
  4607 | D:10     | Reached skill level 2 in Long Blades
  4618 | D:10     | Found a staircase to the Lair.
  4766 | D:11     | Killed a seven-headed hydra
  4766 | D:11     | Reached skill level 3 in Long Blades
  4780 | D:11     | Reached XP level 11. HP: 58/101 MP: 8/22
  4791 | D:11     | Found a frozen archway.
  4800 | IceCv    | Entered an ice cave
  4943 | IceCv    | Reached skill level 4 in Long Blades
  5120 | IceCv    | Reached skill level 5 in Long Blades
  5207 | IceCv    | Noticed a death yak
  5257 | IceCv    | Killed a death yak
  5257 | IceCv    | Reached skill level 6 in Long Blades
  5368 | IceCv    | Reached skill level 5 in Armour
  5679 | IceCv    | Reached skill level 7 in Long Blades
  5993 | IceCv    | Noticed a frost giant
  6409 | IceCv    | Learned a level 2 spell: Passwall
  6675 | D:11     | Noticed Grum
  6697 | D:11     | Reached skill level 8 in Long Blades
  6702 | D:11     | Killed Grum
  6716 | D:11     | Found a runed door.
  6758 | D:11     | Noticed a fire giant
  6758 | D:11     | Noticed a tengu warrior
  6758 | D:11     | Noticed a death knight
  6770 | D:11     | Killed a fire giant
  6770 | D:11     | Reached XP level 12. HP: 58/107 MP: 18/24
  6797 | D:11     | HP: 4/107 [death knight/broad axe (15)]
  6800 | D:11     | Killed a death knight
  6802 | D:11     | Reached skill level 9 in Long Blades
  6957 | D:11     | Reached skill level 5 in Dodging
  7068 | D:11     | Noticed Snorg
  7260 | D:11     | Noticed Fannar
  7354 | D:13     | Noticed a centaur warrior
  7360 | D:12     | Gained mutation: Your mind is acute. (Int +2) [mutagenic meat]
  7361 | D:12     | Gained mutation: Armour fits poorly on your strangely shaped body. [mutagenic meat]
  7527 | D:14     | Noticed Rupert
  7536 | D:15     | Entered Level 15 of the Dungeon
  7647 | D:15     | Found Inaiw's Antique Armour Shoppe.
  7663 | D:15     | Bought a pair of glowing gloves for 187 gold pieces
  7843 | D:14     | Reached skill level 10 in Long Blades
  7867 | D:14     | Found a gate to the Vaults.
  7957 | D:14     | Noticed a centaur warrior
  7984 | D:14     | Killed a centaur warrior
  8231 | D:15     | Gained mutation: Scrolls take you a little longer to read. [mutagenic meat]
  8232 | D:15     | Gained mutation: Your flesh is cold resistant. (rC+) [mutagenic meat]
  8237 | D:15     | Gained mutation: You are frail. (-10% HP) [mutagenic meat]
  8238 | D:15     | Lost mutation: Your mind is acute. (Int +2) [mutagenic meat]
  8247 | D:15     | Gained mutation: You have a somewhat thin skeletal structure. (Dex +2, Stealth) [mutagenic meat]
  8252 | D:15     | Lost mutation: Your flesh is cold resistant. (rC+) [mutagenic meat]
  8253 | D:15     | Gained mutation: Your mind is acute. (Int +2) [mutagenic meat]
  8254 | D:15     | Gained mutation: You are partially covered in slimy green scales. (AC +2) [mutagenic meat]
  8815 | D:13     | Reached XP level 13. HP: 73/102 MP: 25/25
  8958 | D:13     | Found Faiza's Book Emporium.
  8998 | D:13     | Reached skill level 11 in Long Blades
  9343 | D:12     | Gained mutation: Your body sometimes deteriorates upon taking damage. [mutagenic meat]
  9346 | D:12     | Gained mutation: Your spells are a little easier to cast, but a little less powerful. [mutagenic meat]
  9347 | D:12     | Gained mutation: You have a moderately thin skeletal structure. (Dex +4, Stealth+) [mutagenic meat]
  9557 | Orc:1    | Entered Level 1 of the Orcish Mines
  9767 | Orc:2    | Entered Level 2 of the Orcish Mines
  9844 | Orc:2    | Found a staircase to the Elven Halls.
 10099 | Orc:2    | Noticed Erolcha
 10119 | Orc:2    | Killed Erolcha
 10260 | Orc:2    | Found Yjybb's Book Boutique.
 10260 | Orc:2    | Found Rafiras's Antique Weapon Emporium.
 10273 | Orc:2    | Bought a twisted falchion for 304 gold pieces
 10273 | Orc:2    | Identified the +9 falchion of Tukk {slice, *Drain rN+ Int+4} (You bought it in a shop on level 2 of the Orcish Mines)
 10274 | Orc:2    | lol
 10328 | Orc:2    | Found a roughly hewn altar of Beogh.
 10431 | Orc:2    | Found Tuvvekhy's Distillery.
 10431 | Orc:2    | Found Ynuilo's Magic Scroll Emporium.
 10456 | Orc:2    | Bought a scroll of magic mapping for 49 gold pieces
 10456 | Orc:2    | Bought a scroll of teleportation for 42 gold pieces
 10469 | Orc:2    | Bought 2 potions of curing for 84 gold pieces
 10469 | Orc:2    | Bought a potion of curing for 42 gold pieces
 10469 | Orc:2    | Bought a potion of heal wounds for 70 gold pieces
 10469 | Orc:2    | Bought a potion of curing for 42 gold pieces
 10628 | Orc:2    | Reached skill level 12 in Long Blades
 10974 | Lair:1   | Entered Level 1 of the Lair of Beasts
 11131 | Lair:2   | Found a staircase to the Snake Pit.
 11417 | Lair:4   | Learned a level 2 spell: Blink
 11422 | Lair:4   | Learned a level 4 spell: Passage of Golubria
 11750 | Lair:6   | Entered Level 6 of the Lair of Beasts
 11909 | Lair:6   | Found a staircase to the Slime Pits.
 12056 | Lair:6   | Reached XP level 14. HP: 108/109 MP: 26/26
 12563 | Lair:6   | Reached skill level 10 in Armour
 12656 | Lair:6   | Reached skill level 13 in Long Blades
 13206 | Lair:6   | Got a bloodstained cloak
 13217 | Lair:6   | Identified the +2 cloak of Apuwki {rF+} (You found it on level 6 of the Lair of Beasts)
 13987 | Lair:2   | Lost mutation: You are frail. (-10% HP) [potion of mutation]
 13987 | Lair:2   | Lost mutation: Your body sometimes deteriorates upon taking damage. [potion of mutation]
 13987 | Lair:2   | Gained mutation: You have a pair of small horns on your head. [potion of mutation]
 13987 | Lair:2   | Lost mutation: Armour fits poorly on your strangely shaped body. [potion of mutation]
 13987 | Lair:2   | Gained mutation: You have a pair of horns on your head. [potion of mutation]
 14464 | D:8      | Bought the ring "Gegyo" {rCorr *Drain rF+ Str+7 Stlth-} for 667 gold pieces
 14517 | Elf:1    | Entered Level 1 of the Elven Halls
 14800 | Elf:1    | Reached skill level 14 in Long Blades
 14820 | Elf:1    | Noticed pedritolo's ghost (journeyman DsCK)
 14895 | Elf:1    | Noticed Roxanne
 14940 | Elf:1    | Killed Roxanne
 14940 | Elf:1    | Reached skill level 10 in Dodging
 14952 | Elf:1    | Learned a level 6 spell: Statue Form
 15044 | Elf:2    | Reached skill level 1 in Transmutations
 15140 | Elf:2    | Noticed Louise
 15706 | Elf:1    | Reached XP level 15. HP: 113/128 MP: 27/27
 15786 | Elf:1    | Reached skill level 5 in Transmutations
 16141 | Elf:2    | Got a pitted ring mail
 16156 | Elf:3    | Entered Level 3 of the Elven Halls
 16296 | Elf:3    | Found Poumic's Antique Armour Emporium.
 16296 | Elf:3    | Found Kuqung's Antique Weapon Shoppe.
 16689 | Elf:3    | Identified the Reference Book on Unholy Arts
 16851 | Elf:3    | Cast into level 3 of the Abyss (a deep elf demonologist)
 16920 | Elf:3    | Escaped the Abyss
 17193 | Elf:3    | Cast into level 3 of the Abyss (a deep elf demonologist)
 17259 | Abyss:3  | Identified the +1 ring mail of Subbal {rElec Str+3 Stlth+} (You found it on level 2 of the Elven Halls)
 17421 | Elf:3    | Escaped the Abyss
 17488 | Elf:3    | Noticed an Ice Fiend
 17729 | Elf:3    | Noticed a deep elf blademaster
 17767 | Elf:3    | Killed a deep elf blademaster
 17767 | Elf:3    | Reached skill level 10 in Earth Magic
 17893 | Elf:3    | Got an encrusted ring mail
 17922 | Elf:3    | Noticed an Executioner
 17929 | Elf:3    | Noticed an Executioner
 17931 | Elf:3    | Noticed a deep elf blademaster
 17943 | Elf:3    | HP: 4/166 [deep elf high priest/divine providence (9)]
 18157 | Elf:3    | Got a twisted great sword {holy}
 18179 | Elf:3    | Noticed a deep elf master archer
 18187 | Elf:3    | Noticed an Ice Fiend
 18229 | Elf:3    | Killed a deep elf master archer
 18229 | Elf:3    | Reached skill level 10 in Transmutations
 18275 | Elf:3    | Noticed a deep elf master archer
 18300 | Elf:3    | Killed a deep elf master archer
 18459 | Elf:3    | Reached XP level 16. HP: 135/135 MP: 9/29
 18540 | Elf:3    | Identified the +3 great sword of Royalism {holy, Str+9 Dex-2} (You took it off a deep elf demonologist on level 3 of the Elven Halls)
 18541 | Elf:3    | Got a twisted great sword {flame}
 18601 | Elf:3    | Identified the cursed +2 great sword "Olae" {flame, rPois rF++ MP+9} (You took it off a deep elf sorcerer on level 3 of the Elven Halls)
 18666 | Elf:3    | Killed a deep elf blademaster
 18795 | Elf:3    | Identified the +1 ring mail of Weirdness {rC+ rN+} (You took it off a deep elf blademaster on level 3 of the Elven Halls)
 18812 | Elf:3    | Identified the Compendium of the Snowflakes
 18815 | Elf:3    | Got a shadowed robe
 18829 | Elf:3    | Identified the +0 robe "Ciedwezo" {*Drain Int+4 Dex+7 Stlth+} (You found it on level 3 of the Elven Halls)
 18865 | Elf:3    | Identified the Collected Works on Enthralling Flight
 18870 | Elf:3    | Learned a level 3 spell: Spectral Weapon
 19042 | Elf:3    | Bought a glowing hat for 252 gold pieces
 19236 | Orc:1    | Reached skill level 15 in Long Blades
 19644 | Orc:2    | Bought a scroll of acquirement for 728 gold pieces
 19651 | Orc:2    | Bought a scroll of identify for 28 gold pieces
 19792 | Snake:1  | Entered Level 1 of the Snake Pit
 19851 | Snake:1  | Noticed Azrael
 19875 | Snake:1  | Killed Azrael
 19945 | Snake:1  | Lost mutation: Scrolls take you a little longer to read. [potion of mutation]
 19945 | Snake:1  | Lost mutation: Your mind is acute. (Int +2) [potion of mutation]
 19945 | Snake:1  | Lost mutation: You have a pair of horns on your head. [potion of mutation]
 19945 | Snake:1  | Lost mutation: You have a pair of small horns on your head. [potion of mutation]
 19945 | Snake:1  | Lost mutation: You have a moderately thin skeletal structure. (Dex +4, Stealth+) [potion of mutation]
 19945 | Snake:1  | Lost mutation: Your spells are a little easier to cast, but a little less powerful. [potion of mutation]
 19945 | Snake:1  | Gained mutation: You evolve. [potion of mutation]
 19966 | Snake:1  | Noticed Aizul
 19991 | Snake:1  | Killed Aizul
 20576 | Snake:3  | Reached skill level 16 in Long Blades
 20696 | Snake:3  | Noticed Saint Roka
 20842 | Snake:3  | Gained mutation: You have sharp toenails. [evolution]
 20851 | Snake:3  | Lost mutation: You have sharp toenails. [potion of mutation]
 20851 | Snake:3  | Lost mutation: You are partially covered in slimy green scales. (AC +2) [potion of mutation]
 20851 | Snake:3  | Lost mutation: You evolve. [potion of mutation]
 20851 | Snake:3  | Lost mutation: You have a somewhat thin skeletal structure. (Dex +2, Stealth) [potion of mutation]
 20851 | Snake:3  | Gained mutation: Your spells are a little harder to cast, but a little more powerful. [potion of mutation]
 20851 | Snake:3  | Gained mutation: You have a pair of small antennae on your head. [potion of mutation]
 20969 | Snake:4  | Entered Level 4 of the Snake Pit
 21172 | Snake:4  | Reached skill level 10 in Spellcasting
 21240 | Snake:4  | Shot with a bolt by a naga sharpshooter

Vault maps used:
D:1:      onia_arrival_pyramid
D:2:      lemuel_upstairs_altar, first_bread, minmay_door_square, dk_vineyard_1,
          minmay_tripent, uniq_natasha
D:3:      grunt_temple_overflow_open,
          nicolae_gozag_cash_rules_everything_around_me
D:4:      uniq_blork_the_orc
D:5:      minmay_temple_entry_junction, serial_shops, shop,
          gup_sewer_entry_glass, corner_web_ring
D:6:      uniq_pikel
D:7:      serial_co_window_serial, co_window_corner_a, co_window_paths_a,
          co_window_corner_a, co_window_paths_b, co_window_paths_a,
          co_window_corner_cb, co_window_of_opportunity_b, co_window_paths_c,
          co_window_4corner_a, glass_columns_a, glass_columns_a,
          roderic_bali_sauvastika
D:8:      serial_shops, nicolae_shop_crystal
D:9:      zombieorc2_lemuel, hangedman_ranch, minivault_24
D:10:     grunt_lair_entry_orc_guard_hut, serial_shops, shop, basic_altar,
          uniq_urug
D:11:     serial_ice, serial_ice_l, serial_ice_f, serial_ice_h, serial_ice_o,
          portal_ice_cave_entry_pillars_2, minmay_st_funbox, feat_on_display,
          uniq_fannar, uniq_snorg, uniq_grum
D:13:     kennysheep_pointless_box, kennysheep_windowed_goal
D:14:     david_vaults_1, grunt_decor_fettered, uniq_rupert
D:15:     gammafunk_enter_depths_forms, serial_shops, shop, serial_park_tiny_1,
          minmay_hedge_maze, uniq_kirke
Lair:1:   serial_bayou_shore_b, grunt_megastairs_3
Lair:2:   minmay_snake_entry_six_corridors, beast_lair_carwin_9,
          infiniplex_staircase_pool
Lair:3:   statuecave_lemuel
Lair:4:   lemuel_reptile_caves, nicolae_swamp_entry_splash_gauntlet,
          minmay_lair_drake_nest, serial_bayou_shore_a
Lair:5:   grunt_megastairs_5, lemuel_fruit_fields
Lair:6:   evilmike_catoblepas_cave, slime_dummy, minivault_24,
          infiniplex_staircase_pool_2, lemuel_fruit_fields
Snake:1:  grunt_megastairs_2, uniq_aizul, uniq_azrael
Snake:2:  basic_stair_grate_trap, uniq_vashnia
Snake:3:  cheibrodos_snake_ritualist_ritual, serial_bayou_shore_b,
          uniq_saint_roka
Snake:4:  snake_pit, grunt_ministairs_3
Orc:1:    cheibrodos_orc_bank
Orc:2:    st_orc_town, uniq_erolcha
Elf:1:    minmay_elf_arrival_circle, orc_legates, uniq_roxanne
Elf:2:    minivault_16, st_stairs_8, uniq_louise
Elf:3:    elf_hall_gauntlet_wide, minmay_elf_necromancy, minmay_shoptagon
Abyss:3:  hangedman_abyss_rune_flesh_and_stone, due_exit_kobolds
Sewer:    sewer_co_purgy_island
IceCv:    ice_cave_caverns_01

Skill      XL: |  1  2  3  4  5  6  7  8  9 10 11 12 13 14 15 16 |
---------------+-------------------------------------------------+-----
Spellcasting   | 2 3 4 5 6 11 | 11.6
Earth Magic    | 3 4 5 6 8 10 | 10.0
Armour         | 1 3 6 8 9 10 | 10.7
Fighting       | 1 5 9 10 | 10.4
Shields        | 5 |  5.2
Long Blades    | 3 8 10 12 14 16 | 16.0
Dodging        | 4 6 8 10 | 10.0
Transmutations | 4 10 | 10.1
Stealth        | |  1.7

Action                   |  1- 3 |  4- 6 |  7- 9 | 10-12 | 13-15 | 16-18 || total
-------------------------+-------+-------+-------+-------+-------+-------++-------
Melee: Short sword       |    35 |    77 |    15 |    16 |       |       ||   143
       Falchion          |       |       |    57 |   375 |  1457 |   532 ||  2421
       Great sword       |       |       |       |   181 |   250 |       ||   431
       Headbutt          |       |       |       |       |   211 |    53 ||   264
 Cast: Sandblast         |    23 |    41 |    54 |   162 |    13 |       ||   293
       Stone Arrow       |       |     4 |    40 |   125 |   113 |       ||   282
       Lee's Rapid Decon |       |       |     5 |    56 |    74 |     3 ||   138
       Passwall          |       |       |       |     4 |       |       ||     4
       Statue Form       |       |       |       |       |    24 |    21 ||    45
 Abil: End Transformatio |       |       |       |       |    21 |     8 ||    29
Evoke: Wand              |       |       |     3 |     5 |       |       ||     8
       Lamp of fire      |       |       |       |       |     1 |       ||     1
       Fan of gales      |       |       |       |       |       |     1 ||     1
  Use: Potion            |       |     1 |       |     8 |     9 |     9 ||    27
       Scroll            |       |       |     8 |    21 |    14 |    13 ||    56
 Stab: Sleeping          |     2 |     1 |       |     2 |    16 |       ||    21
       Distracted        |       |       |       |       |     2 |       ||     2
  Eat: Chunk             |       |     3 |     6 |    36 |    31 |     7 ||    83
       Royal jelly       |       |       |     2 |     7 |     4 |     2 ||    15
       Fruit             |       |       |       |       |    27 |     7 ||    34
       Meat ration       |       |       |       |       |     1 |     1 ||     2
Armor: Robe              |     9 |       |       |       |       |    17 ||    26
       Ring mail         |     6 |    36 |    35 |    93 |       |       ||   170
       Skin              |       |     1 |       |       |   136 |   191 ||   328
       Troll leather arm |       |       |       |   186 |   241 |    13 ||   440
Dodge: Dodged            |    23 |    43 |    49 |   503 |   919 |   428 ||  1965
Block: Buckler           |       |       |       |   233 |   376 |   219 ||   828
       Other             |       |       |       |    43 |       |       ||    43
       Reflection        |       |       |       |     1 |       |       ||     1
       Rpst.: Falchion   |       |       |     5 |    96 |   172 |    95 ||   368
       Great sword       |       |       |       |    38 |    69 |       ||   107
